 Dungeon Crawl Stone Soup version 0.20-a0-73-g65ed1cb (webtiles) character file.

229282 sveltemanboy the Wrestler (level 19, -2/129 HPs)
             Began as a Demonspawn Fighter on Nov 15, 2016.
             Was the Champion of Okawaru.
             Splashed by a deep elf sorcerer's acid (9 damage)
             ... on level 3 of the Elven Halls on Nov 18, 2016.
             The game lasted 01:46:23 (33291 turns).

sveltemanboy the Wrestler (Demonspawn Fighter)     Turns: 33291, Time: 01:46:24

Health: -2/129     AC: 42    Str: 34    XL:     19   Next: 9%
Magic:  0/25       EV: 10    Int:  9    God:    Okawaru [******]
Gold:   1100       SH: 24    Dex: 12    Spells: 0 memorised, 18 levels left

rFire  + . .     SeeInvis .       - Unarmed
rCold  + + .     Gourm    .     B - +3 crystal plate armour
rNeg   . . .     Faith    .     c - +3 shield
rPois  +         Spirit   +     N - +2 helmet
rElec  +         Reflect  .     U - +1 cloak {rC+}
rCorr  .         Harm     .     (gloves unavailable)
MR     +++++                    a - +2 pair of boots of the Moon {rPois rC+ MR+}
Stlth  ..........               m - amulet of Gateolit {+Rage rElec rPois rC-}
                                e - ring of the Skies Above {+Inv +Fly MR+++ Str+7 Dex-5}
                                H - ring "Ledaazoq" {*Corrode rF+ Str+3 Dex+3}

@: lethally poisoned (-2 -> -2), very slightly contaminated, drained, invisible
A: claws 3, large bone plates 2, cold resistance 1, icemail, magic resistance 1,
poison resistance, magic shield, magic regeneration, freezing cloud immunity
a: Heroism, Finesse, Renounce Religion, Evoke Berserk Rage, Evoke Flight


You were on level 3 of the Elven Halls.
You worshipped Okawaru.
Okawaru was exalted by your worship.
You were hungry.

You visited 6 branches of the dungeon, and saw 30 of its levels.
You also visited: Ice Cave and Desolation.

You collected 3486 gold pieces.
You spent 2386 gold pieces at shops.

Inventory:

Armour
 a - the +2 pair of boots of the Moon (worn) {rPois rC+ MR+}
   (You acquired it on level 2 of the Elven Halls)

   It protects you from cold.
   It protects you from poison.
   It affects your resistance to hostile enchantments.
 c - a +3 shield (worn)
 B - a +3 crystal plate armour (worn)
 N - a +2 helmet (worn)
 U - a +1 cloak of cold resistance (worn)
Rods
 C - a -2 rod of clouds (9/13)
   (You found it on level 2 of the Snake Pit)
 J - a +4 iron rod (10/14)
   (You took it off a deep elf death mage on level 3 of the Elven Halls)
 P - a +5 rod of shadows (11/11)
   (You found it on level 6 of the Lair of Beasts)
Jewellery
 e - the ring of the Skies Above (right claw) {+Inv +Fly MR+++ Str+7 Dex-5}
   (You found it in the Desolation of Salt)

   [ring of flight]

   It affects your strength (+7).
   It affects your dexterity (-5).
   It affects your resistance to hostile enchantments.
   It lets you turn invisible.
   It lets you fly.
 m - the amulet of Gateolit (around neck) {+Rage rElec rPois rC-}
   (You found it in the Desolation of Salt)

   [amulet of rage]

   It makes you vulnerable to cold.
   It insulates you from electricity.
   It protects you from poison.
   It lets you go berserk.
 n - an uncursed ring of see invisible
 H - the ring "Ledaazoq" (left claw) {*Corrode rF+ Str+3 Dex+3}
   (You found it on level 1 of the Snake Pit)

   [ring of protection from fire]

   It affects your strength (+3).
   It affects your dexterity (+3).
   It protects you from fire.
   It may corrode you when you take damage.
 O - an uncursed ring of protection from fire {unknown}
Wands
 b - a wand of iceblast (0/15)
 d - a wand of heal wounds (0/9)
 p - a wand of paralysis (15/24)
 K - a wand of confusion (18/48)
 L - a wand of acid (1/15)
 M - a wand of digging (0/24)
 S - a wand of iceblast (9/15)
 W - a wand of confusion (38/48)
Scrolls
 h - 11 scrolls of remove curse
 r - 4 scrolls of teleportation
 v - a scroll of magic mapping
 x - a scroll of amnesia
 y - 6 scrolls of fear
 D - 22 scrolls of identify
 G - 2 scrolls of blinking
 Z - 2 scrolls of fog
Potions
 g - 2 potions of berserk rage
 j - 6 potions of flight
 l - 5 potions of haste
 o - 2 potions of cure mutation
 q - 8 potions of curing
 s - 4 potions of agility
 u - 2 potions of cancellation
 z - a potion of experience {unknown}
 I - 2 potions of invisibility
 V - 2 potions of might
Miscellaneous
 i - a phantom mirror
 t - a phial of floods (inert)
 A - a lamp of fire (inert)
 E - a disc of storms
 F - a fan of gales (inert)
Comestibles
 f - 17 bread rations
 k - 17 meat rations
 w - 3 beef jerkies


   Skills:
 - Level 6.0(5.8) Fighting
   Level 2.5(2.3) Polearms
 + Level 9.7(9.4) Armour
 + Level 9.4(9.2) Dodging
 - Level 15.0(14.6) Shields
 * Level 21.6(21.3) Unarmed Combat
 - Level 7.0(6.8) Invocations
 - Level 9.0(8.7) Evocations


You had 18 spell levels left.
You didn't know any spells.

Dungeon Overview and Level Annotations

Branches:
Dungeon (13/15)            Temple (0/1) D:5            Lair (6/6) D:11
  Swamp (3/4) Lair:3        Snake (3/4) Lair:4        Slime (0/5) Lair:6
    Orc (2/2) D:10            Elf (3/3) Orc:2
 Vaults: D:13-14

Altars:
Cheibriados
Elyvilon
Fedhas
Gozag
Nemelex Xobeh
Okawaru
Uskayaw
Vehumet
Zin
The Shining One
Beogh

Shops:
D:5 :   D:7 *   D:9 !   Orc:1 (   Orc:2 %}%(?   Elf:2 !   Snake:2 *:![

Portals:
Pandemonium: Orc:2
Trove: Elf:1 (give +3 shadow dragon scales)


Innate Abilities, Weirdness & Mutations

You have claws for hands.
You are mostly covered in large bone plates. (SH +6)
Your flesh is cold resistant. (rC+)
A meltable icy envelope protects you from harm. (AC +10)
When hurt, damage is shared between your health and your magic reserves.
You regenerate magic rapidly.
You are immune to freezing clouds.
You are resistant to hostile enchantments. (MR+)
Your system is resistant to poisons. (rPois)


Message History

The orb of electricity engulfs the deep elf annihilator.
The deep elf annihilator is severely wounded.
The orb of electricity engulfs the deep elf sorcerer.
The deep elf sorcerer is heavily wounded.
The orb of electricity explodes!
The orb of electricity engulfs you! You resist.
* * * LOW HITPOINT WARNING * * *
The zap misses you. x2; The orb of electricity explodes!
The orb of electricity engulfs you! You resist.
* * * LOW HITPOINT WARNING * * *
The orb of electricity engulfs the deep elf annihilator.
You kill the deep elf annihilator!
Okawaru accepts your kill.
The orb of electricity engulfs the deep elf sorcerer.
The deep elf sorcerer is severely wounded.
The deep elf sorcerer points at you and mumbles some strange words.
The bolt of acid hits you!
* * * LOW HITPOINT WARNING * * *
You are splashed with acid!
The acid burns!
You die...

##.....e....#......
##...e.......#.##..
#...............### ##(.........
...## #### #...e.e... .... ...#
##(....##.. .e.
...##########≈...###### #.4
....(.^....##≈.###.:.(## #..
....###..####(##@).[..}} #..
.....#....###)e§).".)... #2.
......(..#.#######.).)## #(.
....##....## ##### #######e.
.......)...##############....)e).
........<..................))(...
...###...###.#.#.#.###.##..e(e..#
#### #..)# ##.#.##.# #.##..(e.4.#
##..# ##.#...# #.#...e2..##


You could see a deep elf sorcerer.

Vanquished Creatures
  Vashnia (Snake:2)
  A deep elf blademaster (Elf:3)
  2 deep elf master archers (Elf:3)
  Asterion (Snake:2)
  Donald (Orc:2)
  Roxanne (Snake:2)
  5 nagarajas
  An imperial myrmidon (Desolation)
  A thorn hunter (Swamp:3)
  2 deep elf sorcerers (Elf:3)
  An orc warlord (Orc:2)
  2 angels (Elf:2)
  2 deep elf elementalists (Elf:3)
  A very ugly thing (Swamp:1)
  4 deep elf demonologists
  An ettin (Orc:2)
  8 deep elf annihilators
  2 ragged hierophants (Desolation)
  8 deep elf death magi
  2 blizzard demons (IceCv)
  3 deep elf high priests
  Harold (Lair:3)
  Erolcha (D:9)
  8 naga warriors
  12 hydras
  Fannar (Orc:1)
  A servant of whispers (Desolation)
  3 peacekeepers (Desolation)
  2 ghost crabs (Swamp:3)
  An ice dragon (Snake:1)
  2 catoblepae
  16 anacondas
  An ogre mage (D:10)
  31 dancing weapons
  A deep troll shaman (Lair:6)
  5 death yaks (Lair:6)
  4 alligators
  Urug (Lair:4)
  7 orc high priests
  The ghost of KristoblXynda the Thaumaturge, a novice DrAE of Vehumet (D:8)
  2 small abominations
  11 naga sharpshooters
  6 shock serpents
  17 deep elf knights
  A sun demon (Orc:2)
  Nergalle (Lair:3)
  A sixfirhy (Orc:2)
  An unseen horror (D:12)
  A torturous demonspawn (Orc:2)
  4 swamp dragons
  12 deep elf archers
  2 gelid demonspawn (Orc:2)
  3 salamander mystics
  3 naga ritualists (Snake:1)
  A lindwurm (Lair:3)
  Pikel (D:4)
  3 shambling mangroves
  4 hill giants
  7 mana vipers
  60 deep elf magi
  An ugly thing (D:12)
  4 orc knights (Orc:2)
  10 salamanders
  11 orc sorcerers
  A cyclops (D:12)
  An oklob plant (Lair:4)
  A guardian serpent (Desolation)
  26 black mambas
  2 smoke demons (Orc:2)
  A naga mage (Snake:3)
  8 elephants
  A molten gargoyle (Desolation)
  19 spiny frogs
  A spiny frog (shapeshifter) (Elf:1)
  4 anaconda simulacra (IceCv)
  A hellwing (Orc:2)
  6 freezing wraiths (IceCv)
  5 komodo dragons
  5 ice devils (IceCv)
  2 rime drakes
  2 golden dragon simulacra (IceCv)
  A red devil (Orc:2)
  3 trolls
  3 polar bears
  15 saltlings (Desolation)
  17 hornets
  Prince Ribbit (Lair:2)
  22 blink frogs
  9 hippogriffs
  2 two-headed ogres
  5 tyrant leeches
  5 bog bodies
  15 slime creatures
  8 redbacks (Snake:1)
  An air elemental (Elf:1)
  A shadow (Swamp:1)
  9 spriggans
  5 water elementals
  A dire elephant simulacrum (IceCv)
  26 yaks
  A fire elemental (Elf:1)
  6 vampire mosquitoes
  2 hungry ghosts
  A chaos spawn (Orc:2)
  A mottled dragon (D:11)
  A steam dragon (D:9)
  15 insubstantial wisps
  4 wargs
  3 harpy simulacra (IceCv)
  22 nagas
  17 swamp worms
  9 water moccasins
  3 hydra simulacra (IceCv)
  7 porcupines
  30 orc warriors
  Purgy (D:4)
  5 swamp drakes
  A slave (D:4)
  4 black bears
  2 phantoms
  An ice beast (D:8)
  7 sky beasts
  An eye of draining (D:12)
  18 ogres
  An ettin simulacrum (IceCv)
  2 necrophages
  4 wolves (Lair:6)
  19 crocodiles
  A big kobold (D:9)
  14 bullfrogs
  7 earth elementals
  A gnoll sergeant (D:8)
  3 scorpions
  A water moccasin skeleton (D:9)
  15 killer bees
  A wight (D:9)
  6 electric eels
  6 crimson imps
  2 quasits
  A centaur zombie (D:5)
  A draconian simulacrum (IceCv)
  2 bullfrog zombies
  2 centaur skeletons
  29 orc priests
  5 hounds
  A jelly (D:12)
  Crazy Yiuf (D:3)
  22 orc wizards
  2 bullfrog skeletons
  7 iguanas
  Ijyb (D:3)
  7 worker ants
  5 hell rats (Lair:5)
  2 spriggan simulacra (IceCv)
  2 polar bear simulacra (IceCv)
  A troll simulacrum (IceCv)
  A wolf simulacrum (IceCv)
  A centaur simulacrum (IceCv)
  7 gnolls (D:8)
  2 ogre simulacra (IceCv)
  9 adders
  2 naga simulacra (IceCv)
  3 shadow imps
  2 white imps (IceCv)
  10 ufetubi (IceCv)
  2 oozes
  2 adder skeletons (D:4)
  5 worms
  A dart slug (D:2)
  5 leopard geckos
  90 orcs
  3 giant cockroaches
  10 goblins
  7 hobgoblins
  20 jackals
  12 kobolds
  2 quokkas
  A ball python (D:3)
  A ball python skeleton (D:4)
  7 bats
  A frilled lizard (D:3)
  A jackal skeleton (D:4)
  2 leopard gecko skeletons
  9 rats
  A briar patch (Swamp:3)
  4 crawling corpses (Elf:3)
1110 creatures vanquished.

Vanquished Creatures (collateral kills)
  A deep elf knight (Elf:2)
  A naga (Snake:1)
  A swamp worm (Swamp:1)
  An ice beast (D:11)
  An iguana (D:11)
  A leopard gecko (D:11)
6 creatures vanquished.

Vanquished Creatures (others)
  3 deep elf knights
  A salamander (Snake:3)
  A hornet (Swamp:2)
  A water elemental (Elf:1)
  An adder skeleton (D:4)
  An orc (Elf:1)
  6 fungi
  A plant (Lair:5)
  9 toadstools (Lair:3)
24 creatures vanquished.

Grand Total: 1140 creatures vanquished

Notes
Turn   | Place    | Note
-------+----------+-------------------------------------------
     0 | D:1      | sveltemanboy the Demonspawn Fighter began the quest for the Orb.
     0 | D:1      | Reached XP level 1. HP: 18/18 MP: 1/1
    31 | D:1      | Gained mutation: You are partially covered in large bone plates. (SH +4) [demonic ancestry]
    31 | D:1      | Reached XP level 2. HP: 14/24 MP: 2/2
   407 | D:1      | Gained mutation: You have sharp fingernails. [demonic ancestry]
   407 | D:1      | Reached XP level 3. HP: 21/29 MP: 3/3
  1122 | D:2      | Found a sparkling altar of Nemelex Xobeh.
  1249 | D:2      | Reached skill level 1 in Unarmed Combat
  1519 | D:2      | Found a hide-covered altar of Uskayaw.
  1522 | D:2      | Reached XP level 4. HP: 35/35 MP: 4/4
  1571 | D:3      | Noticed Ijyb
  1600 | D:3      | Killed Ijyb
  1732 | D:3      | Reached skill level 2 in Unarmed Combat
  1748 | D:3      | Found a runed door.
  2163 | D:3      | Noticed a bullfrog
  2177 | D:3      | Killed a bullfrog
  2177 | D:3      | Reached skill level 3 in Unarmed Combat
  2177 | D:3      | Gained mutation: When hurt, damage is shared between your health and your magic reserves. [demonic ancestry]
  2177 | D:3      | Reached XP level 5. HP: 21/41 MP: 5/5
  2514 | D:3      | Noticed Crazy Yiuf
  2521 | D:3      | Killed Crazy Yiuf
  2521 | D:3      | Reached skill level 1 in Dodging
  2589 | D:4      | Noticed Purgy
  2600 | D:4      | Killed Purgy
  2600 | D:4      | Reached XP level 6. HP: 46/47 MP: 6/6
  2769 | D:4      | Noticed a slave
  2769 | D:4      | Noticed a slave
  2770 | D:4      | Noticed Pikel
  2794 | D:4      | Noticed a slave
  3031 | D:4      | Reached skill level 4 in Unarmed Combat
  3121 | D:4      | Found a radiant altar of Vehumet.
  3122 | D:4      | Found an iron altar of Okawaru.
  3146 | D:4      | Became a worshipper of Warmaster Okawaru
  3177 | D:4      | Reached XP level 7. HP: 48/52 MP: 7/7
  3279 | D:4      | Killed Pikel
  3279 | D:4      | Reached * piety under Okawaru
  3279 | D:4      | Reached skill level 5 in Shields
  3279 | D:4      | Reached skill level 5 in Unarmed Combat
  3279 | D:4      | Gained mutation: Your flesh is cold resistant. (rC+) [demonic ancestry]
  3279 | D:4      | Reached XP level 8. HP: 55/58 MP: 8/8
  3704 | D:5      | Entered Level 5 of the Dungeon
  3768 | D:5      | Reached skill level 1 in Invocations
  4179 | D:5      | Found a staircase to the Ecumenical Temple.
  4182 | D:5      | Reached skill level 6 in Unarmed Combat
  4204 | D:5      | Found Huipp's Book Boutique.
  4726 | D:6      | Gained mutation: You are resistant to hostile enchantments. (MR+) [potion of beneficial mutation]
  4953 | D:6      | Reached ** piety under Okawaru
  4953 | D:6      | Reached skill level 7 in Unarmed Combat
  5102 | D:7      | Found Koobuol's Assorted Antiques.
  5115 | D:7      | Reached XP level 9. HP: 62/63 MP: 9/12
  5118 | D:7      | Bought a fizzy red potion for 19 gold pieces
  5118 | D:7      | Bought a silvery potion for 19 gold pieces
  5118 | D:7      | Bought a scroll labeled ETUOXZ BAS NOF for 22 gold pieces
  5196 | D:7      | Reached skill level 5 in Invocations
  5323 | D:7      | Reached skill level 8 in Unarmed Combat
  5388 | D:7      | Found a snail-covered altar of Cheibriados.
  5527 | D:7      | Found a glowing golden altar of the Shining One.
  6170 | D:8      | Noticed KristoblXynda's ghost (novice DrAE)
  6186 | D:8      | Killed KristoblXynda's ghost
  6186 | D:8      | Reached *** piety under Okawaru
  6186 | D:8      | Reached skill level 9 in Unarmed Combat
  6485 | D:9      | Reached XP level 10. HP: 70/70 MP: 15/15
  6543 | D:9      | Noticed Erolcha
  6556 | D:9      | Killed Erolcha
  6556 | D:9      | Reached **** piety under Okawaru
  6556 | D:9      | Reached skill level 1 in Evocations
  6566 | D:9      | Found Puf Pax's Distillery.
  6583 | D:9      | Bought a potion of lignification for 39 gold pieces
  6583 | D:9      | Bought a potion of curing for 39 gold pieces
  6833 | D:9      | Reached skill level 10 in Unarmed Combat
  7162 | D:10     | Entered Level 10 of the Dungeon
  7211 | D:10     | Noticed a hill giant
  7218 | D:10     | Killed a hill giant
  7447 | D:10     | Reached ***** piety under Okawaru
  7454 | D:10     | Noticed an ogre mage
  7471 | D:10     | Killed an ogre mage
  7471 | D:10     | Received a gift from Okawaru
  7471 | D:10     | Reached skill level 11 in Unarmed Combat
  7471 | D:10     | Gained mutation: You have very sharp fingernails. [demonic ancestry]
  7471 | D:10     | Reached XP level 11. HP: 68/75 MP: 4/16
  7545 | D:10     | Found a blossoming altar of Fedhas.
  7658 | D:10     | Found a roughly hewn altar of Beogh.
  7658 | D:10     | Found a staircase to the Orcish Mines.
  7871 | D:11     | Identified Sif Muna's Grimoire of Confrontation and Sinister Secrets
  8422 | D:11     | Reached skill level 5 in Evocations
  8587 | D:11     | Found a staircase to the Lair.
  8959 | D:12     | Received a gift from Okawaru
  9013 | D:12     | Noticed a hill giant
  9020 | D:12     | Noticed a hill giant
  9022 | D:12     | Killed a hill giant
  9030 | D:12     | Killed a hill giant
  9060 | D:12     | Reached skill level 12 in Unarmed Combat
  9103 | D:12     | Noticed a white ugly thing
  9114 | D:12     | Killed a white ugly thing
  9193 | D:12     | Noticed a hill giant
  9201 | D:12     | Killed a hill giant
  9266 | D:12     | Killed an unseen horror
  9494 | D:13     | Noticed a yaktaur captain
  9522 | D:13     | Noticed a war gargoyle
  9710 | Lair:1   | Entered Level 1 of the Lair of Beasts
  9748 | Lair:1   | Gained mutation: You are mostly covered in large bone plates. (SH +6) [demonic ancestry]
  9748 | Lair:1   | Reached XP level 12. HP: 81/81 MP: 14/17
  9999 | Lair:1   | Gained mutation: Your system is resistant to poisons. (rPois) [potion of beneficial mutation]
 10611 | Lair:2   | Reached skill level 10 in Shields
 10720 | Lair:2   | Noticed Prince Ribbit
 10728 | Lair:2   | Killed Prince Ribbit
 10728 | Lair:2   | Reached skill level 13 in Unarmed Combat
 10771 | Lair:2   | Reached ****** piety under Okawaru
 10942 | Lair:2   | Noticed a six-headed hydra
 10948 | Lair:2   | Killed a six-headed hydra
 11244 | Lair:2   | Received a gift from Okawaru
 11999 | Lair:3   | Noticed Harold
 12016 | Lair:3   | Killed Harold
 12045 | Lair:3   | Noticed Nergalle
 12054 | Lair:3   | Killed Nergalle
 12082 | Lair:3   | Found a staircase to the Swamp.
 12160 | Lair:3   | Noticed an eight-headed hydra
 12170 | Lair:3   | Killed an eight-headed hydra
 12206 | Lair:3   | Found a runed door.
 12781 | Lair:3   | Noticed a catoblepas
 13080 | Lair:3   | Killed a catoblepas
 13080 | Lair:3   | Received a gift from Okawaru
 13225 | Lair:4   | Reached skill level 5 in Armour
 13225 | Lair:4   | Reached XP level 13. HP: 86/86 MP: 18/18
 13238 | Lair:4   | Reached skill level 14 in Unarmed Combat
 13255 | Lair:4   | Noticed Urug
 13267 | Lair:4   | Killed Urug
 13462 | Lair:4   | Found a staircase to the Snake Pit.
 13587 | Lair:4   | Found an opulent altar of Gozag.
 14004 | Lair:5   | Found an opulent altar of Gozag.
 14937 | Lair:6   | Entered Level 6 of the Lair of Beasts
 15122 | Lair:6   | Received a gift from Okawaru
 15125 | Lair:6   | Got a polished ring mail {god gift}
 15136 | Lair:6   | Identified the +5 ring mail of the Armoured One {+Fly Regen+ MP-9 Dex+7} (Okawaru gifted it to you on level 6 of the Lair of Beasts)
 15228 | Lair:6   | Reached skill level 5 in Dodging
 15465 | Lair:6   | Reached skill level 15 in Unarmed Combat
 15743 | Lair:6   | Gained mutation: You regenerate magic rapidly. [demonic ancestry]
 15743 | Lair:6   | Reached XP level 14. HP: 88/96 MP: 8/19
 15762 | Lair:6   | Identified a +5 rod of shadows (11/11) (You found it on level 6 of the Lair of Beasts)
 15929 | Lair:6   | Found a staircase to the Slime Pits.
 16152 | Lair:6   | Reached skill level 5 in Fighting
 16414 | Orc:1    | Entered Level 1 of the Orcish Mines
 16614 | Orc:1    | Noticed Fannar
 16625 | Orc:1    | Killed Fannar
 16646 | Orc:1    | Found Qufrauq's Antique Weapon Emporium.
 16664 | Orc:1    | Received a gift from Okawaru
 16974 | Orc:2    | Entered Level 2 of the Orcish Mines
 16974 | Orc:2    | Found a staircase to the Elven Halls.
 16974 | Orc:2    | Found Niyler's Magic Scroll Shoppe.
 17028 | Orc:2    | Bought a scroll of identify for 28 gold pieces
 17028 | Orc:2    | Bought a scroll of identify for 28 gold pieces
 17028 | Orc:2    | Bought 3 scrolls of identify for 84 gold pieces
 17076 | Orc:2    | Noticed Donald
 17086 | Orc:2    | Killed Donald
 17280 | Orc:2    | Noticed an orc warlord
 17308 | Orc:2    | Killed an orc warlord
 17606 | Orc:2    | Reached skill level 16 in Unarmed Combat
 17753 | Orc:2    | Found Majopit's Food Emporium.
 17757 | Orc:2    | Found Ineitekk's Food Shoppe.
 18196 | Orc:2    | Received a gift from Okawaru
 18199 | Orc:2    | Got a steaming shield {god gift}
 18210 | Orc:2    | Identified the +0 shield "Efauggel" {rF+} (Okawaru gifted it to you on level 2 of the Orcish Mines)
 18370 | Orc:2    | Paralysed by an orc sorcerer for 2 turns
 18764 | Orc:2    | Found Vaiczitzi's Gadget Shop.
 18764 | Orc:2    | Found Juenano's Antique Weapon Boutique.
 18764 | Orc:2    | Found a one-way gate leading to the halls of Pandemonium.
 18771 | Orc:2    | Bought a box of beasts for 280 gold pieces
 18771 | Orc:2    | Bought a lamp of fire for 560 gold pieces
 18771 | Orc:2    | Bought a sack of spiders for 280 gold pieces
 19060 | Swamp:1  | Entered Level 1 of the Swamp
 19221 | Swamp:1  | Reached skill level 17 in Unarmed Combat
 19228 | Swamp:1  | Gained mutation: You are immune to freezing clouds. [demonic ancestry]
 19228 | Swamp:1  | Reached XP level 15. HP: 46/105 MP: 5/20
 19380 | Swamp:1  | You fall through a shaft!
 20130 | Swamp:2  | You fall through a shaft!
 20150 | Swamp:3  | Received a gift from Okawaru
 20217 | Swamp:3  | Noticed a thorn hunter
 20386 | Swamp:3  | Killed a thorn hunter
 20638 | Swamp:3  | HP: 4/105 [spriggan rider/uncursed spear (2)]
 21376 | Swamp:3  | Reached skill level 18 in Unarmed Combat
 21390 | Swamp:3  | Received a gift from Okawaru
 22380 | Snake:1  | Entered Level 1 of the Snake Pit
 22412 | Snake:1  | Got a coiled golden ring
 22433 | Snake:1  | Identified the ring "Ledaazoq" {*Corrode rF+ Str+3 Dex+3} (You found it on level 1 of the Snake Pit)
 22503 | Snake:1  | Found a frozen archway.
 22519 | IceCv    | Entered an ice cave
 22933 | IceCv    | Gained mutation: A meltable icy envelope protects you from harm. (AC +10) [demonic ancestry]
 22933 | IceCv    | Reached XP level 16. HP: 83/111 MP: 8/21
 22967 | IceCv    | Got a translucent iron ring
 23102 | IceCv    | Identified the ring of Wigoizat {rC+ Str-2 Dex-4 SInv Stlth+} (You found it in an ice cave)
 24160 | Snake:1  | Reached skill level 19 in Unarmed Combat
 24474 | Snake:2  | Received a gift from Okawaru
 24512 | Snake:2  | Noticed Asterion
 24518 | Snake:2  | Noticed an Executioner
 24534 | Snake:2  | Killed Asterion
 24781 | Snake:2  | Noticed Vashnia
 24827 | Snake:2  | Killed Vashnia
 25038 | Snake:2  | Found Taniatee's Distillery.
 25038 | Snake:2  | Found Radurr's Book Emporium.
 25039 | Snake:2  | Found Araodoiq's Antique Armour Shoppe.
 25043 | Snake:2  | Found Wamias's General Store.
 25055 | Snake:2  | Bought a scroll of acquirement for 988 gold pieces
 25532 | Snake:2  | Noticed Roxanne
 25549 | Snake:2  | Killed Roxanne
 25549 | Snake:2  | Received a gift from Okawaru
 25550 | Snake:2  | Identified Roxanne's Compendium of the Rocks (You took it off Roxanne on level 2 of the Snake Pit)
 26143 | Snake:3  | Reached skill level 15 in Shields
 26143 | Snake:3  | Gained mutation: You have claws for hands. [demonic ancestry]
 26143 | Snake:3  | Reached XP level 17. HP: 50/117 MP: 15/22
 26147 | Snake:3  | Reached skill level 20 in Unarmed Combat
 27546 | Elf:1    | Entered Level 1 of the Elven Halls
 28766 | Elf:1    | Found a portal to a secret trove of treasure.
 28955 | Elf:1    | Received a gift from Okawaru
 29980 | Elf:1    | Received a gift from Okawaru
 30057 | Elf:1    | Upgraded the game from 0.20-a0-51-g027d3fc to 0.20-a0-73-g65ed1cb
 30300 | Elf:2    | Identified a -2 rod of clouds (13/13) (You found it on level 2 of the Snake Pit)
 30318 | Elf:2    | Found Haqar's Distillery.
 30333 | Elf:2    | Reached XP level 18. HP: 101/123 MP: 23/23
 30365 | Elf:2    | Got a pair of warped boots
 30376 | Elf:2    | Identified the +2 pair of boots of the Moon {rPois rC+ MR+} (You acquired it on level 2 of the Elven Halls)
 30388 | Elf:2    | Found a white marble altar of Elyvilon.
 30388 | Elf:2    | Found a glowing silver altar of Zin.
 30389 | Elf:2    | Found a ruined gateway.
 30390 | Elf:2    | Found a glowing golden altar of the Shining One.
 30463 | Desolati | Entered the Desolation of Salt
 30520 | Desolati | Reached skill level 21 in Unarmed Combat
 30536 | Desolati | Got a heavily runed amber ring
 30569 | Desolati | Got a serpentine crystal amulet
 30571 | Desolati | Identified the amulet of Gateolit {+Rage rElec rPois rC-} (You found it in the Desolation of Salt)
 30574 | Desolati | Identified the ring of the Skies Above {+Inv +Fly MR+++ Str+7 Dex-5} (You found it in the Desolation of Salt)
 30609 | Desolati | Identified the Collected Works on Ice and Envenoming
 31203 | Elf:2    | Found a runed gate.
 31204 | Elf:2    | Found a runed gate.
 31205 | Elf:2    | Found a runed gate.
 31719 | Elf:2    | Received a gift from Okawaru
 32204 | Elf:3    | Entered Level 3 of the Elven Halls
 33192 | Elf:3    | Received a gift from Okawaru
 33192 | Elf:3    | Reached XP level 19. HP: 100/129 MP: 19/25
 33291 | Elf:3    | Splashed by a deep elf sorcerer's acid

Vault maps used:
D:1:      minmay_arrival_five_plusses
D:2:      lemuel_round_altar, nemelex_xobeh_ov_fountains_minmay
D:3:      grunt_decor_resistance, uniq_iyjb, uniq_crazy_yiuf_cottage
D:4:      chequers_temple_overflow_statue_of_worship, first_bread,
          minmay_unequal, uniq_pikel, uniq_purgy
D:5:      lemuel_upstairs_altar, serial_shops, nicolae_shop_crystal,
          hangedman_decor_slide_cut
D:7:      statuecave_lemuel, tso_metal_star, kennysheep_mini_moat, serial_shops,
          nicolae_shop_trees, dk_vineyard_2, the_bakery
D:9:      serial_shops, shop, uniq_erolcha
D:10:     david_orc_5, small_statue_alley_a, fedhas_altar_1
D:11:     erik_lair_dragon, st_stairs_13
D:13:     gargoyle_guard, david_vaults_2, basic_altar, minmay_bent, uniq_nessos,
          uniq_azrael
Lair:1:   infiniplex_staircase_pool
Lair:2:   gammafunk_lair_bear_cave, nicolae_quartered_pool_medium,
          uniq_prince_ribbit2
Lair:3:   gammafunk_lair_enchanted_lake, swamp_mist, lemuel_fruit_fields,
          uniq_nergalle, uniq_harold
Lair:4:   minmay_snake_entry_guardpost_small, lemuel_oklob_altar,
          grunt_megastairs_5, uniq_urug
Lair:5:   basic_altar, grunt_megastairs_1, serial_bayou_shore_b
Lair:6:   grunt_lair_end_beastmaster, slime_dummy, infiniplex_staircase_pool_2,
          grunt_megastairs_2
Swamp:1:  evilmike_swamp_ruin_house_2
Swamp:2:  evilmike_swamp_ruin_house_5, swamp_pool4
Swamp:3:  evilmike_swamp_ruin_house_6
Snake:1:  portal_ice_cave_entry_dragon, spider_trap, serial_bayou_pond_a,
          st_stairs_8, serial_bayou_shore_b
Snake:2:  st_stairs_13, minmay_shoptagon, uniq_roxanne, uniq_asterion,
          uniq_vashnia
Snake:3:  grunt_ministairs_13, spider_trap, st_stairs_10,
          nicolae_snake_single_loop, lemuel_fruit_tree
Orc:1:    serial_shops, shop, uniq_fannar
Orc:2:    pf_orc_diabolical, serial_shops, shop, uniq_donald
Elf:1:    eino_elf_arrival_the_gate, nicolae_trove_entry_free_sample,
          orc_legates
Elf:2:    serial_shops, shop, portal_desolation_entry_holy_temple,
          minmay_fountain_box
Elf:3:    minmay_elf_hall_spiked
IceCv:    ice_cave_caverns_03

Skill      XL: |  1  2  3  4  5  6  7  8  9 10 11 12 13 14 15 16 17 18 |
---------------+-------------------------------------------------------+-----
Polearms       | 2 |  2.5
Shields        | 3 4 5 6 7 8 9 10 11 12 13 15 | 15.0
Armour         | 3 5 7 9 |  9.7
Unarmed Combat | 1 3 4 5 7 9 11 12 13 15 17 18 19 20 21 | 21.6
Dodging        | 1 2 3 5 7 9 |  9.4
Invocations    | 4 7 |  7.0
Evocations     | 4 6 7 9 |  9.0
Fighting       | 4 6 |  6.0

Action                   |  1- 3 |  4- 6 |  7- 9 | 10-12 | 13-15 | 16-18 | 19-21 || total
-------------------------+-------+-------+-------+-------+-------+-------+-------++-------
Melee: Trident           |   137 |       |       |       |       |       |       ||   137
       Unarmed           |    31 |   204 |   382 |   681 |  1518 |  1409 |    11 ||  4236
Invok: Heroism           |       |       |     2 |    12 |    12 |    12 |       ||    38
Evoke: Wand              |       |       |     3 |    12 |     9 |    10 |     7 ||    41
       Sack of spiders   |       |       |       |     2 |     1 |     3 |       ||     6
       Box of beasts     |       |       |       |       |     1 |       |       ||     1
       Lamp of fire      |       |       |       |       |       |     3 |     1 ||     4
       Rod               |       |       |       |       |       |    12 |     3 ||    15
       Phantom mirror    |       |       |       |       |       |     1 |       ||     1
       Fan of gales      |       |       |       |       |       |     1 |     1 ||     2
       Disc of storms    |       |       |       |       |       |       |     2 ||     2
       Phial of floods   |       |       |       |       |       |       |     1 ||     1
  Use: Potion            |       |     2 |     1 |     6 |     1 |     5 |     3 ||    18
       Scroll            |       |     6 |    18 |     7 |     8 |    10 |     4 ||    53
 Stab: Sleeping          |       |       |     2 |     4 |       |     1 |       ||     7
       Distracted        |       |       |     1 |       |       |     1 |       ||     2
       Paralysed         |       |       |       |     5 |       |       |       ||     5
       Invisible         |       |       |       |       |       |     7 |       ||     7
  Eat: Chunk             |     2 |     6 |    11 |    20 |    33 |    33 |     1 ||   106
       Fruit             |       |       |     1 |     1 |       |     7 |       ||     9
Armor: Scale mail        |    55 |    46 |    17 |       |       |       |       ||   118
       Troll leather arm |       |       |    47 |    83 |       |       |       ||   130
       Chain mail        |       |       |       |    29 |    43 |       |       ||    72
       Ring mail         |       |       |       |       |   187 |    70 |       ||   257
       Crystal plate arm |       |       |       |       |       |   263 |    15 ||   278
Dodge: Dodged            |    37 |    46 |    55 |   142 |   276 |   186 |    11 ||   753
Block: Shield            |    98 |   102 |   256 |   459 |  1224 |  1043 |    26 ||  3208
